 Dungeon Crawl Stone Soup version 0.31-a0-232-gb1c03b2570 (webtiles) character file.

Game seed: 8858758954776259765

2091 qw the Skirmisher (level 9, -4/55 HPs)
             Began as a Gargoyle Hexslinger on July 6, 2023.
             Slain by a two-headed ogre
             ... wielding a +0 giant club
              (6 damage)
             ... on level 6 of the Dungeon.
             The game lasted 00:02:15 (5376 turns).

qw the Skirmisher (Gargoyle Hexslinger)             Turns: 5376, Time: 00:02:15

Health: -4/55      AC: 17    Str: 13    XL:     9   Next: 27%
Magic:  10/10      EV: 11    Int: 13    God:
Gold:   28         SH:  0    Dex: 16    Spells: 9/10 levels left

rFire   . . .        k - +0 orcbow
rCold   + . .        (shield currently unavailable)
rNeg    + . .        c - +0 ring mail
rPois   inf          a - +2 helmet
rElec   +            f - +0 cloak
rCorr   .            d - +0 pair of gloves
SInv    .            (no boots)
Will    .....        (no amulet)
Stlth   +            b - ring of protection from cold
HPRegen 0.29/turn    (no ring)
MPRegen 0.12/turn

%: no passive effects
@: no status effects
A: sickness immunity, AC +6, negative energy resistance 1, electricity
resistance, torment resistance 1, petrification resistance
a: no special abilities


You were on level 6 of the Dungeon.
You visited 2 branches of the dungeon, and saw 7 of its levels.

You collected 173 gold pieces.
You spent 145 gold pieces at shops.


Innate Abilities, Weirdness & Mutations

You are immune to sickness and miasma.
Your stone body is resilient. (AC +6)
You are immune to poison.
You resist negative energy. (rN+)
You are resistant to electric shocks. (rElec)
You are resistant to unholy torment.
You are immune to petrification.


   Skills:
 + Level 6.2 Fighting
 - Level 10.0 Ranged Weapons
 - Level 3.5 Armour
 - Level 2.1 Dodging
 - Level 1.0 Spellcasting
 - Level 2.6 Hexes


You had 9 spell levels left.
You knew the following spells:

 Your Spells              Type           Power      Damage    Failure   Level
a - Slow                  Hex            28%        N/A       19%         1

Your spell library contained the following spells:

 Spells                   Type           Power      Damage    Failure   Level
 Inner Flame              Hex/Fire       4%         N/A       69%         3
 Portal Projectile        Hex/Tloc       8%         N/A       69%         3
 Cause Fear               Hex            3%         N/A       88%         4

Inventory:

Hand Weapons
 k - a +0 orcbow (weapon)
Armour
 a - a +2 helmet (worn)
 c - a +0 ring mail (worn)
 d - a +0 pair of gloves (worn)
 f - a +0 cloak (worn)
Jewellery
 b - a ring of protection from cold (left hand)
 h - a ring of fire
Wands
 i - a wand of digging (5)
Scrolls
 j - 3 scrolls of identify
 l - 2 scrolls of teleportation {unknown}
Potions
 g - a potion of curing

Dungeon Overview and Level Annotations

Branches:
Dungeon (6/15)             Temple (1/1) D:5

Altars:
Ashenzari
Elyvilon
Fedhas
Gozag
Nemelex Xobeh
Qazlal
Sif Muna
Trog
Vehumet
Xom
The Shining One

Shops:
D:6 *

Annotations:
D:3 1 runed translucent door, Crazy Yiuf


Message History

Enter note:
Enter note:
Enter note:
Enter note: You shoot an arrow.
The arrow hits the iguana!
The iguana is severely wounded.
You hear two shouts!
A two-headed ogre comes into view.
It is wielding a +0 giant club and a +0 giant spiked club.
You shoot an arrow.
The arrow hits the two-headed ogre but does no damage.
You shoot an arrow. The arrow hits the two-headed ogre!
The two-headed ogre is lightly wounded.
The two-headed ogre hits you with a +0 giant club.
The two-headed ogre hits you with a +0 giant spiked club!!
You shoot an arrow. The arrow hits the two-headed ogre!
The two-headed ogre is heavily wounded.
You shoot an arrow.
The arrow hits the two-headed ogre but does no damage.
The two-headed ogre is heavily wounded.
The two-headed ogre closely misses you.
The two-headed ogre hits you with a +0 giant spiked club!
An orc comes into view. It is wielding a +0 flail.
You shoot an arrow. The orc shouts!
The arrow hits the two-headed ogre.
The two-headed ogre is heavily wounded.
The two-headed ogre hits you with a +0 giant club!!
The two-headed ogre hits you but does no damage.
You shoot an arrow. The arrow hits the two-headed ogre!
The two-headed ogre is severely wounded.
The two-headed ogre barely misses you.
The two-headed ogre hits you but does no damage.
You shoot an arrow. The arrow hits the two-headed ogre.
The two-headed ogre is severely wounded.
You shoot an arrow.
The arrow barely misses the two-headed ogre.
The arrow hits the iguana.
The iguana is severely wounded.
The two-headed ogre hits you with a +0 giant club.
You die...

... #.. #.# #.#
#.# #.# ###.# #.#
## ..l# #)# .
#O### #.#
#@o.###.#
#########
###...#.##########
.........
###.?.##.......#
#.######
###..........#
#.## #..##.......#
#..# #.###.......#
##.# ###.#
#.......# #.#
#...# #.......#
#.# #.###
#./.....#


You could see a two-headed ogre, an iguana and an orc.

Vanquished Creatures
  Grinder (D:3)
  Sigmund (D:3)
  A water moccasin (D:5)
  Duvessa (D:4)
  A black bear (D:5)
  An orc warrior (D:6)
  2 centaurs
  An ogre (D:4)
  Blork the orc (D:4)
  5 wights (D:6)
  Dowan (D:4)
  2 hounds
  2 jellies
  5 orc priests
  Jessica (D:3)
  2 iguanas (D:5)
  5 orc wizards
  Robin (D:4)
  10 adders
  A white imp (D:5)
  A worm (D:2)
  4 dart slugs
  25 orcs
  5 ball pythons
  5 bats
  6 endoplasms
  2 giant cockroaches
  19 goblins
  8 hobgoblins
  4 jackals (D:1)
  4 kobolds
  2 quokkas (D:1)
  5 frilled lizards
  3 goblin skeletons (D:5)
  2 hobgoblin zombies (D:5)
  3 kobold skeletons (D:5)
  A kobold zombie (D:5)
  2 orc skeletons (D:5)
  An orc zombie (D:5)
  3 rats
150 creatures vanquished.

Notes
Turn   | Place    | Note
-------+----------+-------------------------------------------
     0 | D:1      | qw the Gargoyle Hexslinger began the quest for the Orb.
     0 | D:1      | Reached XP level 1. HP: 12/12 MP: 2/2
     0 | D:1      | 0 ||| qw: Version: 0.3-a-46-gb1f654a
     0 | D:1      | 0 ||| qw: Game counter: 2128
     0 | D:1      | 0 ||| qw: Melee chars always use a shield: true
     0 | D:1      | 0 ||| qw: God list: Okawaru
     0 | D:1      | 0 ||| qw: Allow faded altars: false
     0 | D:1      | 0 ||| qw: Do Orc after clearing Dungeon:15 true
     0 | D:1      | 0 ||| qw: Do second Lair branch before Depths: true
     0 | D:1      | 0 ||| qw: Lair rune preference: random
     0 | D:1      | 0 ||| qw: Goals: Normal
     0 | D:1      | 0 ||| PLANNING D:1-11
   142 | D:1      | You fall into a shaft and drop 1 floor!
   147 | D:2      | 147 ||| UPGRADING to +0 leather armour.
   157 | D:2      | 157 ||| DROPPING +0 robe.
   158 | D:2      | 158 ||| UPGRADING to +0 cloak.
   163 | D:2      | 163 ||| READING scroll labelled CUUSAMN PILE.
   164 | D:2      | 164 ||| DROPPING scroll of poison.
   196 | D:1      | Reached XP level 2. HP: 16/16 MP: 3/3
   279 | D:1      | Reached skill level 3 in Ranged Weapons
   486 | D:1      | Reached XP level 3. HP: 21/21 MP: 4/4
   874 | D:1      | 874 ||| UPGRADING to +0 ring mail.
   884 | D:1      | 884 ||| UPGRADING to +0 pair of gloves.
   889 | D:1      | 889 ||| DROPPING +0 leather armour.
   890 | D:1      | 890 ||| READING scroll labelled ODOUN POIRA.
   891 | D:1      | 891 ||| READING scroll labelled ZER VILLEWK.
   955 | D:2      | Reached skill level 1 in Armour
  1185 | D:2      | Reached XP level 4. HP: 24/26 MP: 5/5
  1263 | D:2      | Found a faded altar of an unknown god.
  1547 | D:2      | Reached skill level 4 in Ranged Weapons
  1551 | D:2      | 1551 ||| UPGRADING to +2 helmet.
  1556 | D:2      | 1556 ||| READING scroll labelled IVECOIPSAS.
  1557 | D:2      | 1557 ||| READING scroll labelled NEWYFAO XUETU.
  1558 | D:2      | 1558 ||| DRINKING 2 glowing white potions.
  1559 | D:2      | 1559 ||| DROPPING potion of invisibility.
  1616 | D:3      | Noticed Grinder
  1644 | D:3      | Paralysed by Grinder for 2 turns
  1658 | D:3      | Paralysed by Grinder for 2 turns
  1660 | D:3      | HP: 5/26 [Grinder (2)]
  1665 | D:3      | Paralysed by Grinder for 2 turns
  1668 | D:3      | Killed Grinder
  1669 | D:3      | Reached skill level 6 in Ranged Weapons
  1669 | D:3      | Reached XP level 5. HP: 9/30 MP: 6/6
  1669 | D:3      | Reached XP level 6. HP: 10/35 MP: 7/7
  2019 | D:3      | Noticed Jessica
  2022 | D:3      | Killed Jessica
  2023 | D:3      | Reached skill level 3 in Fighting
  2241 | D:3      | Found a runed translucent door.
  2242 | D:3      | Noticed Crazy Yiuf
  2335 | D:3      | Noticed Sigmund
  2358 | D:3      | Killed Sigmund
  2359 | D:3      | Reached skill level 3 in Armour
  2359 | D:3      | Reached XP level 7. HP: 41/41 MP: 8/8
  2475 | D:3      | 2475 ||| UPGRADING to ring of protection from cold.
  2476 | D:3      | 2476 ||| DRINKING 2 fizzy ruby potions.
  2514 | D:4      | 2514 ||| PLANNING OSSUARY
  2518 | D:4      | Noticed Duvessa
  2518 | D:4      | Noticed Dowan
  2519 | D:4      | 2519 ||| Stepping ~*~*~tactically~*~*~ (outnumbered).
  2533 | D:4      | Killed Duvessa
  2547 | D:4      | Killed Dowan
  2660 | D:4      | 2660 ||| READING scroll of brand weapon.
  2660 | D:4      | 2660 ||| BRANDING +1 sling of draining.
  2841 | D:4      | Noticed Robin
  2858 | D:4      | Killed Robin
  2871 | D:4      | Reached skill level 7 in Ranged Weapons
  3097 | D:4      | HP: 1/43 [ogre/+0 giant club (25)]
  3098 | D:4      | 3098 ||| DRINKING potion of heal wounds.
  3100 | D:4      | Reached XP level 8. HP: 31/48 MP: 9/9
  3234 | D:4      | 3234 ||| RIP OSSUARY
  3295 | D:4      | 3295 ||| PLANNING D:1-11
  3314 | D:4      | Noticed Blork the orc
  3320 | D:4      | Killed Blork the orc
  3643 | D:4      | 3643 ||| DROPPING +1 hat.
  3644 | D:4      | 3644 ||| READING scroll labelled RAGRYTZERA.
  3645 | D:4      | 3645 ||| READING scroll labelled DAEFRI RULAGUT.
  3646 | D:4      | 3646 ||| READING 3 scrolls labelled YGYSTR BEGG.
  3647 | D:4      | 3647 ||| DROPPING 2 scrolls of immolation.
  3663 | D:5      | Entered Level 5 of the Dungeon
  3689 | D:5      | Reached skill level 8 in Ranged Weapons
  3733 | D:5      | 3733 ||| SWAPPING to +0 orcbow.
  3734 | D:5      | 3734 ||| DROPPING +1 heavy sling.
  3791 | D:5      | Found a staircase to the Ecumenical Temple.
  3792 | D:5      | 3792 ||| PLANNING TEMPLE
  3806 | Temple   | Entered the Ecumenical Temple
  3861 | Temple   | 3861 ||| PLANNING D:1-11
  3882 | D:5      | 3882 ||| Stepping ~*~*~tactically~*~*~ (water).
  4246 | D:5      | Found a glowing golden altar of the Shining One.
  4686 | D:5      | 4686 ||| READING 3 scrolls of identify.
  4686 | D:5      | 4686 ||| IDENTIFYING viscous yellow potion
  4687 | D:5      | 4687 ||| READING 2 scrolls of identify.
  4687 | D:5      | 4687 ||| IDENTIFYING fuming purple potion
  4688 | D:5      | 4688 ||| DROPPING potion of magic.
  4689 | D:5      | 4689 ||| DROPPING potion of lignification.
  4707 | D:6      | 4707 ||| STAIRDANCE
  4712 | D:5      | Reached skill level 9 in Ranged Weapons
  4721 | D:5      | HP: 6/49 [something/puff of flame (9)]
  4731 | D:5      | 4731 ||| DRINKING 2 potions of curing.
  4731 | D:5      | 4731 ||| (to cure confusion)
  4851 | D:6      | 4851 ||| STAIRDANCE
  4857 | D:5      | Reached skill level 6 in Fighting
  4857 | D:5      | Reached XP level 9. HP: 27/55 MP: 10/10
  5003 | D:6      | Found Alliwk's Assorted Antiques.
  5007 | D:6      | 5007 ||| BUYING scroll labelled CITRAOLELI (29 gold).
  5007 | D:6      | Bought a scroll labelled CITRAOLELI for 29 gold pieces
  5007 | D:6      | 5007 ||| BUYING scroll of identify (58 gold).
  5007 | D:6      | Bought a scroll of identify for 58 gold pieces
  5007 | D:6      | 5007 ||| BUYING scroll of identify (58 gold).
  5007 | D:6      | Bought a scroll of identify for 58 gold pieces
  5007 | D:6      | 5007 ||| SHOPLISTING sedimented ruby potion (26 gold, have
                  | 15).
  5097 | D:6      | HP: 13/55 [wight/+0 spear (1)]
  5098 | D:6      | 5098 ||| DRINKING potion of heal wounds.
  5324 | D:6      | Reached skill level 10 in Ranged Weapons
  5368 | D:6      | Noticed a two-headed ogre
  5373 | D:6      | HP: 1/55 [two-headed ogre/+0 giant club (20)]
  5376 | D:6      | Slain by a two-headed ogre

Levels and vault maps discovered:
D:1:      ebering_trefoil_3fold, layout_loops_corners
D:2:      layout_loops_cross, hellmonk_ecumenical_altar_arch_garden,
          kennysheep_doodads, kennysheep_generic_room_4
D:3:      layout_basic, minmay_misc_feat_more_columns, uniq_sigmund,
          uniq_jessica, uniq_crazy_yiuf_cottage, uniq_grinder
D:4:      layout_basic, nicolae_ossuary_entry_monument, uniq_blork_the_orc,
          uniq_robin, uniq_duvessa
D:5:      layout_loops_corners, nicolae_tso_besieged_by_evil,
          minmay_temple_entry_mist
D:6:      layout_rooms, marbit_many_paths, serial_shops,
          nicolae_shop_back_alley_shop
Temple:   zaba_magenta_temple

Skill      XL: |  1  2  3  4  5  6  7  8  9 |
---------------+----------------------------+-----
Ranged Weapons | 3 6 7 9 10 | 10.0
Fighting       | 2 3 4 6 |  6.2
Armour         | 1 3 |  3.5
Dodging        | 2 |  2.1
Spellcasting   | |  1.0
Hexes          | |  2.6

Action                     |  1- 3 |  4- 6 |  7- 9 || total
---------------------------+-------+-------+-------++-------
   Fire: Sling             |   111 |   116 |   130 ||   357
         Orcbow            |       |       |   194 ||   194
    Use: Scroll            |     3 |     2 |     6 ||    11
         Potion            |       |     1 |     4 ||     5
 Armour: Leather armour    |     9 |       |       ||     9
         Robe              |     1 |       |       ||     1
         Ring mail         |    14 |    27 |   209 ||   250
  Dodge: Dodged            |    22 |    32 |   176 ||   230

Table legend:
 A = Non-vault XP
 B = Vault XP
 C = Vault XP percentage of total XP
 D = Non-vault monster count
 E = Vault monster count
 F = Vault count percentage of total count
                 A         B        C        D         E       F
            +---------+---------+-------+---------+---------+-------
      Total |    2077 |     911 |  30.5 |     119 |      31 |  20.7
            +---------+---------+-------+---------+---------+-------
        D:1 |      54 |       0 |   0.0 |      28 |       0 |   0.0
        D:2 |      62 |       2 |   3.1 |      16 |       1 |   5.9
        D:3 |      94 |     546 |  85.3 |      20 |       3 |  13.0
        D:4 |     304 |     341 |  52.9 |      14 |      14 |  50.0
        D:5 |     787 |      22 |   2.7 |      23 |      13 |  36.1
        D:6 |     776 |       0 |   0.0 |      18 |       0 |   0.0
            +---------+---------+-------+---------+---------+-------
